 Dungeon Crawl Stone Soup version 0.14-a0-1811-gdc2d5af (webtiles) character file.

3332 Mitsuki the Cleaver (level 10, -1/64 HPs)
             Began as a Formicid Fighter on Jan 8, 2014.
             Was a Believer of Okawaru.
             Slain by a centaur (3 damage)
             ... on Level 8 of the Dungeon.
             The game lasted 00:38:06 (5897 turns).

Mitsuki the Cleaver (Formicid Fighter)              Turns: 5897, Time: 00:38:06

HP  -1/64        AC 11     Str 27      XL: 10   Next: 34%
MP  10/10        EV  9     Int  7      God: Okawaru [**....]
Gold 255         SH 25     Dex 10      Spells:  0 memorised,  9 levels left

rFire  . . .     SeeInvis +     w - +3,+2 orc battleaxe (chop) (curse)
rCold  . . .     Clarity  .     v - +2 leather armour "Ralis" {rPois MR++ Str+2}
rNeg   . . .     Conserve .     c - +0 shield
rPois  .         rCorr    .     (helmet unavailable)
rElec  .         rRot     .     (no cloak)
SustAb . .       Spirit   .     f - +0 pair of gloves
rMut   .         Warding  .     m - +0 pair of boots
Saprov . . .     Stasis   +     j - cursed amulet of faith
                                (no ring)
                                (no ring)

@: very resistant to hostile enchantments, unstealthy
A: permanent stasis, dig shafts and tunnels, four strong arms, poison weakness,
antennae 3, hooves 1, large bone plates 1, deterioration 1, screaming 1, slow
healing 1, exoskeleton 1
a: Dig, Shaft Self, Heroism, Renounce Religion


You were on level 8 of the Dungeon.
You worshipped Okawaru.
Okawaru was pleased with you.
You were not hungry.

You visited 2 branches of the dungeon, and saw 9 of its levels.

You collected 255 gold pieces.

Inventory:

Hand weapons
 q - a +1,+1 orcish war axe
 w - a cursed +3,+2 orcish battleaxe of chopping (weapon)
Armour
 c - a +0 shield (worn)
 f - a +0 pair of gloves (worn)
 m - a +0 pair of boots (worn)
 v - the +2 leather armour "Ralis" (worn) {rPois MR++ Str+2}
   (You found it on level 6 of the Dungeon)

   It affects your strength (+2).
   It protects you from poison.
   It affects your resistance to hostile enchantments.
Magical devices
 h - a wand of slowing (10)
 i - a wand of heal wounds (0)
 o - a wand of paralysis (8)
Comestibles
 a - a choko
 b - 3 pears
 d - 7 bread rations
 l - 2 meat rations
 u - a rotting chunk of orc flesh
 x - 2 chunks of worm flesh
Scrolls
 k - 2 scrolls of fear
 n - a scroll of magic mapping {unknown}
 p - 2 scrolls of enchant armour
 r - a scroll of blinking {unknown}
 s - a scroll of remove curse
 y - a scroll of identify
Jewellery
 j - a cursed amulet of faith (around neck)
 t - an uncursed ring of ice
Potions
 e - 8 potions of curing
 g - a potion of beneficial mutation {unknown}


   Skills:
 + Level 5.5 Fighting
 * Level 9.4 Axes
 + Level 7.5 Armour
 - Level 1.1 Stealth
 + Level 7.2 Shields
 - Level 0.5 Invocations


You had 9 spell levels left.
You didn't know any spells.

Dungeon Overview and Level Annotations

Branches:
Dungeon (8/16)             Temple (1/1) D:5
   Lair: D:8-11

Altars:
Ashenzari
Cheibriados
Elyvilon
Fedhas
Kikubaaqudgha
Makhleb
Okawaru
Sif Muna
Trog
Vehumet
Xom
Yredelemnul
Zin
the Shining One

Shops:
D:4 :   D:5 [*%(


Innate Abilities, Weirdness & Mutations

Your are under a permanent stasis effect.
You can dig through walls and to a lower floor.
Your four strong arms can wield any weapon, most with a shield.
You are susceptible to poison.
You have a pair of large antennae on your head (SInv).
Your body is surrounded by an exoskeleton. (HP +5, AC +1)
You have large cloven feet.
You are partially covered in large bone plates (AC +2, SH +2).
Your body is slowly deteriorating.
You occasionally shout uncontrollably.
You heal slowly when monsters are visible.


Message History

You see here an arrow.
Evoke which item? (* to show all) (? for menu, Esc to quit)
Zapping:
i - a wand of heal wounds {zapped: 5}
Press: ? - help, Shift-Dir - straight line, f - you Nothing appears to happen.
The centaur shoots an arrow of frost.
You block the arrow of frost. Prince Ribbit barely misses you.
The centaur shoots an arrow of frost.
You block the arrow of frost.
You slash Prince Ribbit!
You kill Prince Ribbit!
Okawaru accepts your kill.
The centaur shoots an arrow of frost.
The arrow of frost hits you!
* * * LOW HITPOINT WARNING * * *
The centaur shoots an arrow of frost.
The arrow of frost hits you!
The centaur shoots an arrow of frost.
You block the arrow of frost.
You see here an arrow.
The centaur unwields an uncursed bow of frost.
You block the centaur's attack.
You hit the centaur but do no damage. You kick the centaur, but do no damage.
You block the centaur's attack. The centaur hits you.
You die...

#......#####...#
#.#.##.##......#
#.#.##.#.......#
#####.#.##.........#
.........##.#.._....#
.#...................
. .. #.......(.......
...
#.###...###.........
.....#{#@....#
######...#
#...c(...## #.....
###...(..# #.....
###(#### #..... #.#
##...# #.# ##.## ..#
####.## ###
..###.<....
.............


You could see a centaur.

Vanquished Creatures
  Prince Ribbit (D:8)
  A merfolk (D:7)
  A hippogriff (D:7)
  Edmund (D:6)
  Menkaure (D:6)
  2 phantoms
  A sky beast (D:4)
  An ogre (D:4)
  An orc warrior (D:6)
  A centaur (D:5)
  A giant frog (D:7)
  A gnoll sergeant (D:6)
  8 crimson imps
  A centaur skeleton (D:7)
  6 hounds
  A gnoll shaman (D:4)
  A giant frog skeleton (D:4)
  2 big fish (D:7)
  An iguana (D:6)
  4 worker ants
  6 orc wizards
  8 orc priests
  2 scorpions (D:7)
  Ijyb (D:7)
  An ogre skeleton (D:6)
  13 gnolls
  10 adders
  2 worms
  27 orcs
  4 ball pythons
  4 giant cockroaches
  11 goblins
  13 hobgoblins
  16 kobolds
  2 oozes
  A quokka (D:6)
  11 bats
  9 giant geckos
  5 giant newts
  A goblin skeleton (D:5)
  A goblin zombie (D:5)
  A hobgoblin skeleton (D:7)
  17 jackals
  A kobold zombie (D:6)
  14 rats
  A ballistomycete (D:7)
  A butterfly (D:5)
220 creatures vanquished.

Vanquished Creatures (collateral kills)
  A jelly (D:6)
1 creature vanquished.

Vanquished Creatures (others)
  A giant spore (D:7)
1 creature vanquished.

Grand Total: 222 creatures vanquished

Notes
Turn   | Place    | Note
--------------------------------------------------------------
     0 | D:1      | Mitsuki, the Formicid Fighter, began the quest for the Orb.
     0 | D:1      | Reached XP level 1. HP: 19/19 MP: 1/1
    65 | D:1      | Reached XP level 2. HP: 24/24 MP: 2/2
   263 | D:1      | Reached XP level 3. HP: 28/28 MP: 3/3
   591 | D:2      | Reached skill level 4 in Armour
   622 | D:2      | Reached XP level 4. HP: 25/33 MP: 4/4
   985 | D:2      | Reached XP level 5. HP: 32/37 MP: 5/5
  1415 | D:3      | Reached XP level 6. HP: 31/42 MP: 6/6
  2127 | D:4      | Noticed an ogre
  2218 | D:4      | Gained mutation: Your body is slowly deteriorating. [potion of mutation]
  2218 | D:4      | Gained mutation: You have large cloven feet. [potion of mutation]
  2218 | D:4      | Gained mutation: You are partially covered in large bone plates (AC +2, SH +2). [potion of mutation]
  2358 | D:4      | Reached XP level 7. HP: 44/47 MP: 7/7
  2484 | D:4      | Reached skill level 5 in Armour
  2623 | D:4      | Found a snail-covered altar of Cheibriados.
  2662 | D:4      | Gained mutation: You heal slowly when monsters are visible. [potion of mutation]
  2662 | D:4      | Gained mutation: You are weak. (Str -2) [potion of mutation]
  2773 | D:4      | Killed an ogre
  2784 | D:4      | Found Otaceash's Book Emporium.
  2844 | D:4      | Noticed a sky beast
  2864 | D:4      | Killed a sky beast
  2864 | D:4      | Reached skill level 6 in Armour
  2864 | D:4      | Reached skill level 5 in Shields
  2864 | D:4      | Reached XP level 8. HP: 18/53 MP: 8/8
  2889 | D:4      | Reached skill level 5 in Axes
  3092 | D:4      | Gained mutation: You occasionally shout uncontrollably. [potion of mutation]
  3092 | D:4      | Lost mutation: You are weak. (Str -2) [potion of mutation]
  3194 | D:4      | Reached skill level 1 in Stealth
  3199 | D:4      | Found a bloodstained altar of Trog.
  3556 | D:5      | Entered Level 5 of the Dungeon
  3627 | D:5      | Found Pla Brij's Weapon Shop.
  3695 | D:5      | Found a staircase to the Ecumenical Temple.
  3705 | Temple   | Entered the Ecumenical Temple
  3786 | Temple   | Became a worshipper of Warmaster Okawaru
  3847 | D:5      | Found Ceehoqoy's Armour Boutique.
  3873 | D:5      | Reached XP level 9. HP: 50/57 MP: 9/9
  3886 | D:5      | Found Klaefaar's General Store.
  3995 | D:5      | Reached skill level 7 in Armour
  4078 | D:5      | Found a white marble altar of Elyvilon.
  4213 | D:5      | Found Awaopt's Food Emporium.
  4344 | D:6      | Noticed Menkaure
  4353 | D:6      | Killed Menkaure
  4353 | D:6      | Acquired Okawaru's first power
  4393 | D:6      | Noticed Edmund
  4416 | D:6      | Killed Edmund
  4499 | D:6      | Got a brightly glowing leather armour
  4512 | D:6      | Identified the +2 leather armour "Ralis" {rPois MR++ Str+2} (You found it on level 6 of the Dungeon)
  4828 | D:6      | Reached skill level 8 in Axes
  4839 | D:6      | Reached skill level 5 in Fighting
  5207 | D:7      | Reached XP level 10. HP: 59/64 MP: 10/10
  5649 | D:7      | Noticed Ijyb
  5654 | D:7      | Killed Ijyb
  5723 | D:7      | Reached skill level 9 in Axes
  5868 | D:8      | Found a deep blue altar of Sif Muna.
  5887 | D:8      | Noticed Prince Ribbit
  5894 | D:8      | Killed Prince Ribbit
  5894 | D:8      | HP: 1/64 [centaur/arrow of frost (3)]
  5897 | D:8      | Slain by a centaur

Action                   |  1- 3 |  4- 6 |  7- 9 | 10-12 || total
-------------------------+-------+-------+-------+-------++-------
Melee: Hand axe          |    94 |   280 |   221 |       ||   595
       War axe           |       |       |   205 |       ||   205
       Battleaxe         |       |       |    17 |    42 ||    59
Invok: Heroism           |       |       |     3 |     1 ||     4
 Abil: Dig               |       |       |     1 |       ||     1
Evoke: Wand              |       |     1 |     4 |     1 ||     6
  Use: Scroll            |       |     9 |     9 |     2 ||    20
       Potion            |       |     5 |     3 |       ||     8
 Stab: Sleeping          |       |       |     1 |       ||     1
